 Dungeon Sprint DCSS version 0.19-a0-872-g3103843 (webtiles) character file.

4773 LORDOFBUTT the Fighter (level 10, -6/102 HPs)
             Began as a Minotaur Fighter on July 4, 2016.
             Was an Initiate of Gozag.
             Mangled by a nine-headed hydra (8 damage)
             ... in the Dungeon (Sprint IX: "|||||||||||||||||||||||||||||").
             The game lasted 00:03:07 (865 turns).

LORDOFBUTT the Fighter (Minotaur Fighter)            Turns: 865, Time: 00:03:08

Health: -6/102     AC: 12    Str: 21    XL:     10   Next: 23%
Magic:  9/9        EV: 17    Int:  5    God:    Gozag
Gold:   288        SH: 13    Dex: 13    Spells: 0 memorised, 9 levels left

rFire  . . .     SeeInvis .     b - +1 broad axe (chop)
rCold  . . .     Gourm    .     r - +1 scale mail
rNeg   . . .     Faith    .     c - +0 shield
rPois  .         Spirit   .     (helmet restricted)
rElec  .         Dismiss  .     (no cloak)
rCorr  .         Reflect  .     (no gloves)
SustAt .         Harm     .     (no boots)
MR     .....     NoTele   +     (no amulet)
Stlth  +.........               q - +2 ring of protection
                                p - +2 ring of evasion

@: very slightly contaminated, not resistant to hostile enchantments, very
unstealthy
A: retaliatory headbutt, horns 2
a: Potion Petition, Call Merchant, Bribe Branch, Renounce Religion


You were in the Dungeon.
You worshipped Gozag.
Gozag was noncommittal.
You were very hungry.

You visited 1 branch You collected 288 gold pieces.

Inventory:

Hand Weapons
 a - a +0 war axe
 b - a +1 broad axe of chopping (weapon)
Armour
 c - a +0 shield (worn)
 r - a +1 scale mail (worn)
Jewellery
 p - a +2 ring of evasion (left hand)
 q - a +2 ring of protection (right hand)
Wands
 o - a wand of iceblast (2/15)
Scrolls
 k - a scroll of blinking
 m - 3 scrolls of remove curse
 n - 2 scrolls of amnesia
 t - 2 scrolls of fear
 u - 2 scrolls of fog
 v - a scroll of identify
 w - a scroll of recharging
Potions
 d - a potion of might
 e - 6 potions of curing
 g - 6 potions of heal wounds
 h - 3 potions of haste
 i - 4 potions of magic
 j - a potion of berserk rage
 l - a potion of invisibility
 s - a potion of cure mutation
Comestibles
 f - a bread ration


   Skills:
 + Level 13.9 Fighting
 + Level 12.0 Axes
 + Level 13.6 Armour
 + Level 9.7 Dodging
 + Level 4.5 Stealth
 + Level 13.6 Shields


You had 9 spell levels left.
You didn't know any spells.

Dungeon Overview and Level Annotations

Branches:
Dungeon (1/1)

Altars:
Cheibriados
Dithmenos
Elyvilon
Fedhas
Gozag
Hepliaklqana
Kikubaaqudgha
Makhleb
Nemelex Xobeh
Okawaru
Pakellas
Qazlal
Ru
Sif Muna
Trog
Uskayaw
Vehumet
Xom
Yredelemnul
Zin
The Shining One
Beogh
Jiyva
Lugonu


Innate Abilities, Weirdness & Mutations

You reflexively headbutt those who attack you in melee.
You have a pair of horns on your head.


Message History

The nine-headed hydra bites you but does no damage.
The nine-headed hydra completely misses you.
The nine-headed hydra bites you!
* * * LOW HITPOINT WARNING * * *
The nine-headed hydra closely misses you.
You barely miss the nine-headed hydra.
The nine-headed hydra is almost dead.
The giant frog is no longer distracted by gold.
The water moccasin is no longer distracted by gold.
The nine-headed hydra misses you. You furiously retaliate!
You headbutt the nine-headed hydra!
You block the nine-headed hydra's attack. x2
The nine-headed hydra bites you.
* * * LOW HITPOINT WARNING * * *
The nine-headed hydra bites you!
* * * LOW HITPOINT WARNING * * *
You block the nine-headed hydra's attack. x2
The nine-headed hydra bites you!
You die...
Your body crumbles into a pile of gold.

▓▓▓▓▓▓▓▓▓▓▓▓▓▓▓▓▓▓▓▓▓
▓<..())....'.....'___
▓▓▓▓▓▓▓▓▓▓▓▓▓▓▓▓▓▓▓▓▓
▓....................
▓.▓▓▓▓▓▓▓▓▓▓▓▓▓▓▓▓▓▓▓
▓...@DlFSF.$.l[FS.F..
▓▓▓▓▓▓▓▓▓▓▓▓▓▓▓▓▓▓▓▓▓


$$$$$$ You could see a nine-headed hydra, a basilisk, a blink frog, a water
moccasin and a giant frog.

Vanquished Creatures
  A hydra (D)
  3 centaur warriors (D)
  A hill giant (D)
  A gargoyle (D)
  A komodo dragon (D)
  2 hippogriffs (D)
  An orc warrior (D)
  A porcupine (D)
  2 black bears (D)
  An ogre (D)
  A centaur (D)
  2 crocodiles (D)
  A giant frog (D)
  A scorpion (D)
  A crimson imp (D)
  An iguana (D)
  A worker ant (D)
  A river rat (D)
  2 oozes (D)
  An adder zombie (D)
  A giant gecko (D)
  A giant cockroach (D)
  A hobgoblin (D)
  A jackal (D)
  A jackal skeleton (D)
  A kobold (D)
32 creatures vanquished.

Notes
Turn   | Place    | Note
-------+----------+-------------------------------------------
     0 | D        | LORDOFBUTT the Minotaur Fighter began the quest for the Orb.
     0 | D        | Reached XP level 1. HP: 19/19 MP: 0/0
    10 | D        | Reached XP level 2. HP: 28/28 MP: 1/1
    28 | D        | Noticed a crimson imp
    32 | D        | Reached skill level 5 in Fighting
    33 | D        | Reached skill level 5 in Shields
    39 | D        | Killed a crimson imp
    39 | D        | Reached skill level 5 in Armour
    39 | D        | Reached skill level 1 in Dodging
    39 | D        | Reached XP level 3. HP: 29/37 MP: 2/2
    47 | D        | Found a glowing silver altar of Zin.
    47 | D        | Found a glowing golden altar of the Shining One.
    47 | D        | Found an ancient bone altar of Kikubaaqudgha.
    47 | D        | Found a basalt altar of Yredelemnul.
    47 | D        | Found a shimmering altar of Xom.
    47 | D        | Found a radiant altar of Vehumet.
    48 | D        | Found an iron altar of Okawaru.
    49 | D        | Found a burning altar of Makhleb.
    50 | D        | Found a deep blue altar of Sif Muna.
    51 | D        | Found a bloodstained altar of Trog.
    52 | D        | Found a sparkling altar of Nemelex Xobeh.
    53 | D        | Found a white marble altar of Elyvilon.
    54 | D        | Found a roughly hewn altar of Beogh.
    55 | D        | Found a viscous altar of Jiyva.
    56 | D        | Found a corrupted altar of Lugonu.
    57 | D        | Found a blossoming altar of Fedhas.
    58 | D        | Found a snail-covered altar of Cheibriados.
    59 | D        | Found a shadowy altar of Dithmenos.
    60 | D        | Found a stormy altar of Qazlal.
    61 | D        | Found an opulent altar of Gozag.
    62 | D        | Found a sacrificial altar of Ru.
    63 | D        | Found an oddly glowing altar of Pakellas.
    64 | D        | Found a hide-covered altar of Uskayaw.
    65 | D        | Found a hazy altar of Hepliaklqana.
    78 | D        | Became a worshipper of Gozag Ym Sagoz the Greedy
   118 | D        | Noticed a hill giant
   118 | D        | Noticed an ogre
   118 | D        | Noticed a scorpion
   118 | D        | Noticed a black bear
   118 | D        | Noticed a gargoyle
   123 | D        | Killed a hill giant
   123 | D        | Reached skill level 10 in Armour
   123 | D        | Reached XP level 4. HP: 33/51 MP: 3/3
   123 | D        | Reached XP level 5. HP: 37/58 MP: 4/4
   123 | D        | Reached XP level 6. HP: 43/66 MP: 5/5
   128 | D        | Reached skill level 10 in Fighting
   128 | D        | Reached XP level 7. HP: 34/72 MP: 6/6
   132 | D        | Reached skill level 10 in Shields
   143 | D        | Killed a gargoyle
   143 | D        | Reached skill level 5 in Dodging
   143 | D        | Reached XP level 8. HP: 15/82 MP: 7/7
   442 | D        | Noticed a centaur warrior
   442 | D        | Noticed a centaur warrior
   442 | D        | Noticed a centaur warrior
   446 | D        | Killed a centaur warrior
   446 | D        | Reached skill level 1 in Stealth
   455 | D        | Killed a centaur warrior
   455 | D        | Reached XP level 9. HP: 64/92 MP: 8/8
   467 | D        | Reached skill level 10 in Axes
   482 | D        | Killed a centaur warrior
   760 | D        | Noticed a komodo dragon
   760 | D        | Noticed a five-headed hydra
   766 | D        | Killed a komodo dragon
   771 | D        | Killed a seven-headed hydra
   771 | D        | Reached XP level 10. HP: 102/102 MP: 9/9
   818 | D        | Noticed a four-headed hydra
   865 | D        | HP: 2/102 [nine-headed hydra (12)]
   865 | D        | Mangled by a nine-headed hydra

Vault maps used:
D:        linesprint

Skill      XL: |  1  2  3  4  5  6  7  8  9 10 |
---------------+-------------------------------+-----
Fighting       | 4 5 9 10 11 12 13 | 13.9
Armour         | 4 5 10 11 13 | 13.6
Shields        | 4 5 9 10 12 13 | 13.6
Axes           | 3 6 7 9 11 12 | 12.0
Dodging        | 1 4 5 7 9 |  9.7
Stealth        | 1 3 4 |  4.5

Action                   |  1- 3 |  4- 6 |  7- 9 | 10-12 || total
-------------------------+-------+-------+-------+-------++-------
Melee: War axe           |    35 |     5 |    15 |       ||    55
       Headbutt          |     6 |     1 |    14 |     8 ||    29
       Broad axe         |       |       |    45 |    33 ||    78
Invok: Potion Petition   |       |       |     1 |       ||     1
Evoke: Wand              |       |       |       |     5 ||     5
  Use: Potion            |       |       |     1 |       ||     1
       Scroll            |       |       |       |     2 ||     2
 Stab: Distracted        |       |       |     2 |     1 ||     3
       Invisible         |       |       |     3 |     3 ||     6
Armor: Scale mail        |    17 |       |    15 |    11 ||    43
Dodge: Dodged            |    11 |     1 |    20 |    41 ||    73
Block: Shield            |    16 |     2 |    32 |    41 ||    91
